 Dungeon Crawl Stone Soup version 0.27-a0-1140-g099f9bb0e8 (webtiles) character file.

Game seed: 2892097961257665468

1129 leviel the Cleaver (level 8, -14/75 HPs)
             Began as a Minotaur Fighter on May 9, 2021.
             Was an Initiate of the Shining One.
             Demolished by an orc warrior
             ... wielding a +0 war axe
              (19 damage)
             ... on level 6 of the Dungeon.
             The game lasted 00:04:26 (5857 turns).

leviel the Cleaver (Minotaur Fighter)               Turns: 5857, Time: 00:04:27

Health: -14/75     AC:  8    Str: 23    XL:     8   Next: 13%
Magic:  7/7        EV:  7    Int:  5    God:    the Shining One [......]
Gold:   277        SH:  9    Dex: 10    Spells: 7/7 levels left

rFire    . . .     SeeInvis .   a - +0 war axe
rCold    . . .     Faith    .   c - +0 kite shield
rNeg     . . .     Spirit   .   b - +0 scale mail
rPois    +         Reflect  .   (helmet restricted)
rElec    .         Harm     .   (no cloak)
rCorr    +         Rampage  .   s - +0 pair of gloves
Will     .....                  (no boots)
Stlth    ..........             (no amulet)
HPRegen  0.22/turn              o - ring of poison resistance
MPRegen  0.10/turn              j - ring of resist corrosion

@: flying, glowing
A: horns 2, retaliatory headbutt
a: Renounce Religion


You were on level 6 of the Dungeon.
You worshipped the Shining One.
The Shining One was noncommittal.
You visited 2 branches of the dungeon, and saw 7 of its levels.

You collected 277 gold pieces.

Inventory:

Hand Weapons
 a - a +0 war axe (weapon)
Armour
 b - a +0 scale mail (worn)
 c - a +0 kite shield (worn)
 s - a +0 pair of gloves (worn)
Jewellery
 j - a ring of resist corrosion (right hand)
 o - a ring of poison resistance (left hand)
Scrolls
 d - a scroll of summoning {unknown}
 e - a scroll of blinking {unknown}
 h - 4 scrolls of teleportation {unknown}
 k - a scroll of identify {unknown}
 m - a scroll of fog {unknown}
 n - a scroll of enchant weapon {unknown}
 p - a scroll of magic mapping {unknown}
 t - a scroll of amnesia {unknown}
Potions
 g - 2 potions of curing
 i - a potion of resistance {unknown}
 l - a potion of haste {unknown}
 q - 2 potions of lignification {unknown}
 r - a potion of attraction {unknown}
 u - a potion of brilliance {unknown}


   Skills:
 + Level 8.6 Fighting
 * Level 8.8 Axes
 - Level 3.6 Armour
 - Level 3.6 Shields


You had 7 spell levels left.
You didn't know any spells.
Your spell library was empty.

Dungeon Overview and Level Annotations

Branches:
Dungeon (6/15)             Temple (1/1) D:5

Altars:
Cheibriados
Elyvilon
Hepliaklqana
Kikubaaqudgha
Makhleb
Okawaru
Qazlal
Ru
Sif Muna
Trog
Uskayaw
Vehumet
Xom
Yredelemnul
The Shining One

Annotations:
D:6 Dordric's ghost, novice HOMo


Innate Abilities, Weirdness & Mutations

You have a pair of horns on your head.
You reflexively headbutt those who attack you in melee.


Message History

The orc warrior is moderately wounded.
The orc warrior hits you with a +0 war axe.
You hit the orc warrior.
The orc warrior is moderately wounded.
You hit the orc. The orc barely misses you. You block the orc warrior's attack.
The orc hits you but does no damage.
You completely miss the orc. Your headbutt misses the orc.
The orc is severely wounded.
You barely miss the orc warrior.
The orc warrior hits you with a +0 war axe!
The orc hits you with a +0 hand axe.
You hit the orc but do no damage. You headbutt the orc.
You kill the orc!
You hit the orc warrior but do no damage.
You block the orc warrior's attack.
The orc warrior hits you with a +0 war axe!
You are too injured to fight recklessly!
You are too injured to fight recklessly!
It was a potion of flight.
You feel very buoyant.
You fly up into the air.
The orc warrior closely misses you.
You barely miss the orc warrior.
The orc warrior is moderately wounded.
The orc warrior hits you but does no damage.
You hit the orc warrior.
The orc warrior is heavily wounded.
The orc warrior hits you with a +0 war axe! x2
* * * LOW HITPOINT WARNING * * *
You hit the orc warrior but do no damage.
You headbutt the orc warrior, but do no damage.
The orc warrior is heavily wounded.
The orc warrior hits you with a +0 war axe!
* * * LOW HITPOINT WARNING * * *
You hit the orc warrior. Your headbutt misses the orc warrior.
The orc warrior is severely wounded.
The orc warrior closely misses you.
You barely miss the orc warrior. Your headbutt misses the orc warrior.
The orc warrior is severely wounded.
The orc warrior hits you with a +0 war axe!!
You die...

#............#......
#..................
##....#...########.
###.#..##### #..≈≈#.
#......# #######P#.
#..#.##.####).# #P#.
#.##.##.##...# #P#.
#.#o)##......#######.
#...@...#..........##
###.##.............#
########..##........)....#
#.................#####.###
#......#####...##....##.##.
#......# #...#####.......
#......# #...####........
#...[..# #.####...#.#.###
#......# #.# #.........#


You could see an orc warrior.

Vanquished Creatures
  A sky beast (D:5)
  2 centaurs
  4 ogres
  3 scorpions
  A jelly (D:4)
  2 hounds
  A bullfrog skeleton (D:5)
  2 iguanas
  An orc wizard (D:6)
  A hound zombie (D:2)
  A howler monkey skeleton (D:5)
  7 adders
  An ufetubus (D:6)
  2 dart slugs
  6 orcs
  2 ball pythons
  4 bats
  3 endoplasms (D:1)
  A giant cockroach (D:2)
  8 goblins
  8 hobgoblins
  8 jackals
  6 kobolds
  4 quokkas
  6 frilled lizards
  5 rats
90 creatures vanquished.

Vanquished Creatures (others)
  3 fungi (D:6)
  A plant (D:2)
4 creatures vanquished.

Grand Total: 94 creatures vanquished

Notes
Turn   | Place    | Note
-------+----------+-------------------------------------------
     0 | D:1      | leviel the Minotaur Fighter began the quest for the Orb.
     0 | D:1      | Reached XP level 1. HP: 19/19 MP: 0/0
   189 | D:1      | Found a faded altar of an unknown god.
   197 | D:1      | Reached XP level 2. HP: 27/27 MP: 1/1
   850 | D:2      | Reached XP level 3. HP: 34/34 MP: 2/2
  1001 | D:2      | You fall into a shaft and drop 2 floors!
  1007 | D:4      | Reached XP level 4. HP: 40/41 MP: 3/3
  1146 | D:4      | Reached skill level 5 in Fighting
  1175 | D:4      | Noticed a scorpion
  1183 | D:4      | Killed a scorpion
  1184 | D:4      | Reached XP level 5. HP: 42/48 MP: 4/4
  1258 | D:4      | Noticed an ogre
  1263 | D:4      | Killed an ogre
  1264 | D:4      | Reached skill level 5 in Axes
  2452 | D:2      | Found a hazy altar of Hepliaklqana.
  2614 | D:2      | Reached XP level 6. HP: 56/57 MP: 5/5
  3553 | D:5      | Entered Level 5 of the Dungeon
  3859 | D:5      | Reached XP level 7. HP: 12/66 MP: 6/6
  4472 | D:5      | Found a stormy altar of Qazlal.
  4784 | D:5      | Found a staircase to the Ecumenical Temple.
  5088 | Temple   | Entered the Ecumenical Temple
  5140 | Temple   | Became a worshipper of the Shining One
  5301 | D:6      | Noticed Dordric's ghost (novice HOMo)
  5418 | D:6      | Reached XP level 8. HP: 47/75 MP: 7/7
  5857 | D:6      | Demolished by an orc warrior

Illustrated notes

Levels and vault maps discovered:
D:1:      mrwooster_arrival_arrow, layout_loops_ring,
          hellmonk_ecumenical_altar_inner_sanctum, minmay_liquid_box
D:2:      cheibrodos_old_hovel, layout_rooms, basic_altar
D:3:      layout_basic
D:4:      layout_gridville, chequers_serial_rivers_room_b
D:5:      layout_loops_ring, nicolae_qazlal_eye_of_the_storm, temple_hall,
          kennysheep_cross_bottleneck, chequers_serial_rivers_large_a
D:6:      layout_rooms, grunt_temple_overflow_open,
          hellmonk_ghost_happy_afterlife, serial_aquarium,
          aquarium_bridge_long_separate [aquarium_subvault_wall,
          aquarium_subvault_bridge, aquarium_subvault_bridge,
          aquarium_subvault_bridge, aquarium_subvault_bridge,
          aquarium_subvault_window], aquarium_window_corner, aquarium_window_1,
          aquarium_view_2f, aquarium_pool_corner
Temple:   cyrus_circular_temple

Skill      XL: |  1  2  3  4  5  6  7 |
---------------+----------------------+-----
Fighting       | 4 5 6 7 8 |  8.6
Axes           | 3 4 5 6 8 |  8.8
Armour         | |  3.6
Shields        | |  3.6

Action                   |  1- 3 |  4- 6 |  7- 9 || total
-------------------------+-------+-------+-------++-------
Melee: War axe           |    71 |   101 |    70 ||   242
       Headbutt          |     7 |    19 |    14 ||    40
  Use: Potion            |       |     1 |     2 ||     3
Armor: Scale mail        |    32 |    36 |    24 ||    92
Dodge: Dodged            |    32 |    26 |    32 ||    90
Block: Kite shield       |    32 |    52 |    35 ||   119

Table legend: (Time is in decaauts)
 A = Elapsed time spent in this place.
 B = Non-inter-level travel time spent in this place.
 C = Inter-level travel time spent in this place.
 D = Time resting spent in this place.
 E = Time spent auto-exploring this place.
 F = Levels seen in this place.
 G = Mean time per level.
                   A        B        C        D        E       F      G
               +--------+--------+--------+--------+--------+-----+--------+
         Total |   5979 |   5773 |    206 |   1073 |   3933 |   7 |  854.1 |
       Dungeon |   5911 |   5706 |    205 |   1073 |   3890 |   6 |  985.2 |
        Temple |     67 |     67 |      0 |      0 |     43 |   1 |   67.0 |
               +--------+--------+--------+--------+--------+-----+--------+

Top non-repeatable levels by time:
     D:5: 1829 daAuts
     D:4: 1474 daAuts
     D:1: 873 daAuts
     D:3: 799 daAuts
     D:2: 488 daAuts
     D:6: 446 daAuts
  Temple: 67 daAuts
